 Dungeon Crawl Stone Soup version 0.25.0-1-g7eea58d (webtiles) character file.

Game seed: 1796783706309652910

802 Buxparty the Firebug (level 7, -5/46 HPs)
             Began as a Demonspawn Fire Elementalist on June 28, 2020.
             Was a Follower of Qazlal.
             Slain by an orc priest
             ... wielding a +0 war axe
              (9 damage)
             ... on level 5 of the Dungeon.
             The game lasted 00:18:20 (5363 turns).

Buxparty the Firebug (Demonspawn Fire Elementalist) Turns: 5363, Time: 00:18:21

Health: -5/46      AC:  4    Str:  7 (8)  XL:     7   Next: 59%
Magic:  21/22      EV: 18    Int: 16 (18) God:    Qazlal [*.....]
Gold:   362        SH:  0    Dex: 13 (14) Spells: 13/14 levels left

rFire    . . .     SeeInvis .     - Unarmed
rCold    + . .     Gourm    .   (no shield)
rNeg     . . .     Faith    .   a - +0 robe
rPois    .         Spirit   .   (no helmet)
rElec    .         Reflect  .   (no cloak)
rCorr    .         Harm     .   (gloves unavailable)
MR       .....                  b - +1 pair of boots
Stlth    +.........             (no amulet)
HPRegen  0.15/turn              p - +4 ring of evasion
MPRegen  0.18/turn              r - ring of magical power

@: confused
A: claws 3, cold resistance 1
a: Renounce Religion


You were on level 5 of the Dungeon.
You worshipped Qazlal.
Qazlal was aware of your devotion.
You were not hungry.

You visited 1 branch of the dungeon, and saw 5 of its levels.

You collected 362 gold pieces.

Inventory:

Armour
 a - a +0 robe (worn)
 b - a +1 pair of boots (worn)
 m - a +0 pair of gloves
Jewellery
 p - a +4 ring of evasion (left claw)
 r - a ring of magical power (right claw)
Wands
 e - a wand of flame (10)
 q - a wand of digging (6)
Scrolls
 i - a scroll of teleportation
 j - a scroll of remove curse
 k - a scroll of enchant weapon {unknown}
 l - 3 scrolls of noise {unknown}
 n - a scroll of amnesia {unknown}
 o - 2 scrolls of identify {unknown}
 u - 2 scrolls of fog {unknown}
Potions
 g - a potion of heal wounds {unknown}
 h - a potion of cancellation {unknown}
 s - a potion of magic {unknown}
 t - a potion of stabbing {unknown}
 v - a potion of flight {unknown}
 w - a potion of brilliance {unknown}
Comestibles
 c - 5 rations
 d - 4 chunks of flesh


   Skills:
 + Level 3.8 Dodging
 - Level 1.7 Stealth
 + Level 3.1 Unarmed Combat
 + Level 4.0 Spellcasting
 + Level 3.8 Conjurations
 + Level 4.4 Fire Magic


You had 13 spell levels left.
You knew the following spells:

 Your Spells              Type           Power        Failure   Level  Hunger
a - Foxfire               Conj/Fire      ###.         3%          1    None

Your spell library contained the following spells:

 Spells                   Type           Power        Failure   Level  Hunger
 Conjure Flame            Conj/Fire      ###.....     10%         3    ###....
 Inner Flame              Hex/Fire       ##......     21%         3    ###....
 Sticky Flame             Conj/Fire      ###.....     30%         4    ####...
 Fireball                 Conj/Fire      ###.......   65%         5    ######.


Dungeon Overview and Level Annotations

Branches:
Dungeon (5/15)             Temple (0/1) D:5

Altars:
Cheibriados
Elyvilon
Qazlal
Zin

Annotations:
D:3 1 runed translucent door


Innate Abilities, Weirdness & Mutations

You have claws for hands.
Your flesh is cold resistant. (rC+)


Message History

* * * LOW HITPOINT WARNING * * *
The orc shouts!
The orc priest looks encouraged for a moment.
You hear some strange, mumbled words.
You are confused.
You bump into the rock wall.
A magic dart appears from out of thin air!
The magic dart hits you.
* * * LOW HITPOINT WARNING * * *
You bump into the rock wall.
You feel less confused.
You hear some strange, mumbled words.
You are confused.
Something hits you.
* * * LOW HITPOINT WARNING * * *
It was a potion of degeneration.
There was something very wrong with that liquid.
You feel weakened.
You feel dopey.
You feel clumsy.
The orc priest hits you with a +0 war axe!
You die...

####......##....##
#.......#.##.####
#....(..#....#
#....(..#....#
###########.......#....#
..oo)..o.##.......'....#
########.##.......###..#
#.##o......#
#.o..@☼....#
####.......# #.......#
#.......# #########


You could see an orc priest and an orc.

Vanquished Creatures
  Prince Ribbit (D:5)
  Grinder (D:5)
  2 ogres
  A crimson imp (D:4)
  Ijyb (D:5)
  An orc wizard (D:3)
  A worker ant (D:5)
  5 adders
  An ooze (D:2)
  2 worms (D:2)
  4 dart slugs
  4 leopard geckos
  11 orcs
  A ball python (D:3)
  5 giant cockroaches
  7 goblins
  6 hobgoblins
  A jackal (D:4)
  3 quokkas
  9 bats
  5 frilled lizards
  8 kobolds
  A leopard gecko skeleton (D:4)
  4 rats
  2 foxfires (D:4)
87 creatures vanquished.

Vanquished Creatures (collateral kills)
  2 goblins
  A kobold (D:2)
  3 rats
6 creatures vanquished.

Vanquished Creatures (others)
  277 foxfires
277 creatures vanquished.

Grand Total: 370 creatures vanquished

Notes
Turn   | Place    | Note
-------+----------+-------------------------------------------
     0 | D:1      | Buxparty the Demonspawn Fire Elementalist began the quest
                  | for the Orb.
     0 | D:1      | Reached XP level 1. HP: 13/13 MP: 3/3
   505 | D:1      | Gained mutation: You have sharp fingernails. [demonic
                  | ancestry]
   505 | D:1      | Reached XP level 2. HP: 19/19 MP: 3/5
  1410 | D:2      | Reached XP level 3. HP: 22/24 MP: 2/6
  1832 | D:2      | Found a stormy altar of Qazlal.
  1862 | D:2      | Became a worshipper of Qazlal Stormbringer
  1934 | D:2      | Reached skill level 1 in Unarmed Combat
  1954 | D:2      | Found a white marble altar of Elyvilon.
  2016 | D:2      | Gained mutation: You have very sharp fingernails. [demonic
                  | ancestry]
  2016 | D:2      | Reached XP level 4. HP: 30/30 MP: 2/7
  2170 | D:2      | Found a faded altar of an unknown god.
  2934 | D:3      | Found a glowing silver altar of Zin.
  2934 | D:3      | Found a runed translucent door.
  2934 | D:3      | Noticed an angel
  3078 | D:3      | Gained mutation: Your flesh is cold resistant. (rC+)
                  | [demonic ancestry]
  3078 | D:3      | Reached XP level 5. HP: 10/35 MP: 0/9
  3613 | D:3      | Reached * piety under Qazlal
  4076 | D:4      | Noticed an ogre
  4083 | D:4      | Killed an ogre
  4316 | D:4      | Found a snail-covered altar of Cheibriados.
  4502 | D:4      | Reached XP level 6. HP: 40/41 MP: 10/10
  4763 | D:4      | Found a glowing silver altar of Zin.
  4919 | D:5      | Entered Level 5 of the Dungeon
  4961 | D:5      | Noticed Grinder
  4971 | D:5      | Killed Grinder
  5065 | D:5      | Found a staircase to the Ecumenical Temple.
  5074 | D:5      | Noticed Prince Ribbit
  5092 | D:5      | Killed Prince Ribbit
  5092 | D:5      | Gained mutation: You have claws for hands. [demonic
                  | ancestry]
  5092 | D:5      | Reached XP level 7. HP: 46/46 MP: 12/12
  5178 | D:5      | Noticed Ijyb
  5190 | D:5      | Killed Ijyb
  5363 | D:5      | Slain by an orc priest

Illustrated notes

Levels and vault maps discovered:
D:1:      wander_arrival_chamber, layout_loops_ring, lemuel_old_faithful
D:2:      layout_loops_ring, lemuel_crystal_altar, overflow_temple_1_default,
          first_ration, chequers_ecumenical_altar_simple, minmay_tiny_reverse_x
D:3:      layout_loops_corners, lemuel_angel_altar
D:4:      kb_forest_paths, layout_rooms, kennysheep_slug_shrine, zin_scriptorium
D:5:      layout_basic, nicolae_overflow_hidden_temple,
          minmay_temple_entry_gardened_gates, uniq_grinder, uniq_ijyb,
          uniq_prince_ribbit1

Skill      XL: |  1  2  3  4  5  6  7 |
---------------+----------------------+-----
Dodging        | 2 3 |  3.8
Fire Magic     | 3 4 |  4.4
Unarmed Combat | 1 2 3 |  3.1
Conjurations   | 2 3 |  3.8
Spellcasting   | 3 4 |  4.0
Stealth        | |  1.7

Action                   |  1- 3 |  4- 6 |  7- 9 || total
-------------------------+-------+-------+-------++-------
Melee: Unarmed           |    27 |    68 |    22 ||   117
 Cast: Foxfire           |    67 |   105 |    18 ||   190
  Use: Scroll            |       |     5 |       ||     5
       Potion            |       |       |     1 ||     1
  Eat: Chunk             |     4 |     5 |       ||     9
       Ration            |       |     1 |     1 ||     2
Armor: Robe              |    11 |    27 |       ||    38
Dodge: Dodged            |    35 |    61 |    22 ||   118
Block: Other             |       |     2 |     1 ||     3
